 Dungeon Sprint DCSS version 0.18-a0-1180-g64ccc1e (webtiles) character file.

12500000 namelastname112 the Intangible (level 27, -12/249 HPs)
             Began as a Demonspawn Gladiator on Jan 27, 2016.
             Was the Champion of Makhleb.
             Killed from afar by a dread (20 damage)
             ... with a burst of hellfire
             ... in the Dungeon (Sprint VIII: "Arena of Blood").
             The game lasted 00:03:35 (125 turns).

namelastname112 the Intangible (DsGl)                Turns: 125, Time: 00:03:36

Health: -12/249    AC:  6    Str: 17    XL:     27
Magic:  43/54      EV: 38    Int: 11    God:    Makhleb [******]
Gold:   0          SH:  0    Dex: 24    Spells: 0 memorised, 80 levels left

rFire  + . .     SeeInvis +     k - +∞ Axe of Woe
rCold  . . .     Gourm    .     a - +0 leather armour
rNeg   . . .     Faith    .     (shield currently unavailable)
rPois  .         Spirit   .     (helmet unavailable)
rElec  .         Dismiss  .     (no cloak)
rCorr  .         Reflect  .     (gloves unavailable)
SustAt .         Harm     .     (boots unavailable)
MR     ++...     NoTele   +     (no amulet)
Stlth  +++++++++.               (no ring)
                                (no ring)

@: slowed, very slow, very resistant to hostile enchantments, incredibly
stealthy
A: antennae 3, claws 3, talons 3, fire resistance 1, hurl hellfire, foul stench
2, spiny 3, rot immunity, flame cloud immunity
a: Hellfire, Minor Destruction, Lesser Servant of Makhleb, Major Destruction,
Greater Servant of Makhleb, Renounce Religion


You were in the Dungeon.
You worshipped Makhleb.
Makhleb was exalted by your worship.
You were not hungry.

You visited 1 branch

Inventory:

Hand Weapons
 k - the +∞ Axe of Woe (weapon)
   (You found it in the Dungeon)
Missiles
 c - 3 throwing nets (quivered)
Armour
 a - a +0 leather armour (worn)
 b - a +0 helmet
Scrolls
 j - a scroll of blinking
Potions
 e - a potion of curing
 f - a potion of heal wounds
 g - a potion of haste
 h - 2 potions of magic
 i - a potion of berserk rage
Comestibles
 d - a bread ration


   Skills:
 O Level 27 Fighting
 O Level 27 Axes
 O Level 27 Throwing
 O Level 27 Armour
 O Level 27 Dodging
 O Level 27 Stealth
 O Level 27 Unarmed Combat
 O Level 27 Spellcasting
 O Level 27 Invocations


You had 80 spell levels left.
You didn't know any spells.

Dungeon Overview and Level Annotations

Branches:
Dungeon (1/1)

Altars:
Makhleb

Annotations:
D The Servant


Innate Abilities, Weirdness & Mutations

You have a pair of large antennae on your head (SInv).
You have claws for hands.
You have claws for feet.
Your flesh is heat resistant.
You can hurl blasts of hellfire.
You frequently emit foul miasma when damaged in melee.
You are completely covered in sharp spines.
You are immune to rotting.
You are immune to clouds of flame.


Message History

The eight-headed meat hydra calls on the powers of darkness!
The eight-headed meat hydra convulses!
The bag of meat convulses!
The eight-headed meat hydra convulses!
The Servant convulses!
The large bag of meat convulses!
Your body is wracked with pain!
* * * LOW HITPOINT WARNING * * *
The bag of meat convulses!
The fleshlord convulses!
The bag of meat convulses! x3
The bag of meat moves out of view.
You hear a shout!
The eight-headed meat hydra calls on the powers of darkness!
The eight-headed meat hydra convulses!
Your body is wracked with pain!
* * * LOW HITPOINT WARNING * * *
The fleshlord convulses!
The bag of meat convulses!
The eight-headed meat hydra calls on the powers of darkness!
The eight-headed meat hydra convulses!
Your body is wracked with pain!
* * * LOW HITPOINT WARNING * * *
The fleshlord convulses!
The large bag of meat convulses!
The bag of meat convulses!
The dread throws hellfire at you.
The hellfire explodes!
The burst of hellfire engulfs you!
You die...

#.... .# .. #...
..# ...###..)
O..###.
.......)###o..{{.
#.....)))_oWo...
#)o.O§#{ .
#Cp§M_#{{{.
.o.o#§)))§#.ooX
#...op)))@WC@MDDW
.......§###o.XLDX
...###... .X###.
.. #... {.# {
#...M {#{{ .....
{{{ .o.{{{. {


You could see 2 accurseds, 2 tentacled monstrosities, a tyrant, The Servant, 3
eight-headed meat hydras, 2 fleshlords, 2 large bags of meat, 2 large
abominations, 3 dreads, a meat berserker (berserk) and 10 bags of meat.

Vanquished Creatures
  5 hell beasts (D)
  Edmund (D)
  2 greater mummies (D)
  5 great orbs of eyes (D)
  A wraith (D)
  15 vampire knights (D)
  32 ogres (D)
  6 liches (D)
  3 hydras (D)
  57 orcs (D)
  5 phantoms (D)
  4 hill giants (D)
  5 skeletal warriors (D)
  10 small abominations (D)
  7 large abominations (D)
  6 crawling corpses (D)
164 creatures vanquished.

Vanquished Creatures (others)
  An ogre (D)
  4 orcs (D)
  7 crawling corpses (D)
12 creatures vanquished.

Grand Total: 176 creatures vanquished

Notes
Turn   | Place    | Note
--------------------------------------------------------------
     0 | D        | namelastname112 the Demonspawn Gladiator began the quest for the Orb.
     0 | D        | Reached XP level 1. HP: 16/16 MP: 1/1
     3 | D        | Noticed a bag of meat
     3 | D        | Noticed a bag of meat
     4 | D        | Became a worshipper of Makhleb the Destroyer
     7 | D        | Noticed a meat berserker
     7 | D        | Killed a bag of meat
     7 | D        | Reached skill level 10 in Fighting
     7 | D        | Reached skill level 16 in Dodging
     7 | D        | Gained mutation: You have a pair of small antennae on your head. [demonic ancestry]
     7 | D        | Reached XP level 2. HP: 20/35 MP: 2/2
     7 | D        | Reached XP level 3. HP: 23/41 MP: 3/3
     7 | D        | Gained mutation: You have sharp toenails. [demonic ancestry]
     7 | D        | Reached XP level 4. HP: 26/47 MP: 4/4
     7 | D        | Reached XP level 5. HP: 29/53 MP: 5/5
     7 | D        | Reached XP level 6. HP: 32/60 MP: 6/6
     7 | D        | Gained mutation: You are immune to rotting. [demonic ancestry]
     7 | D        | Reached XP level 7. HP: 35/66 MP: 7/7
     7 | D        | Gained mutation: You have sharp fingernails. [demonic ancestry]
     7 | D        | Reached XP level 8. HP: 38/72 MP: 8/8
     7 | D        | Gained mutation: You have razor-sharp toenails. [demonic ancestry]
     7 | D        | Reached XP level 9. HP: 41/78 MP: 9/9
     7 | D        | Gained mutation: You have a pair of antennae on your head. [demonic ancestry]
     7 | D        | Reached XP level 10. HP: 44/85 MP: 10/10
     7 | D        | Reached XP level 11. HP: 47/91 MP: 11/11
     8 | D        | Noticed a bag of meat
     9 | D        | Killed a meat berserker
     9 | D        | Reached * piety under Makhleb
     9 | D        | Reached skill level 20 in Dodging
     9 | D        | Reached XP level 12. HP: 96/103 MP: 12/12
     9 | D        | Gained mutation: You are partially covered in sharp spines. [demonic ancestry]
     9 | D        | Reached XP level 13. HP: 101/109 MP: 13/13
    10 | D        | Killed a bag of meat
    10 | D        | Reached skill level 21 in Dodging
    10 | D        | Gained mutation: You have claws for feet. [demonic ancestry]
    10 | D        | Reached XP level 14. HP: 107/119 MP: 14/14
    11 | D        | Noticed a bag of meat
    11 | D        | Noticed a meat berserker
    11 | D        | Noticed a meat berserker
    11 | D        | Noticed a bag of meat
    12 | D        | Noticed a bag of meat
    13 | D        | Noticed a bag of meat
    13 | D        | Noticed a bag of meat
    14 | D        | Noticed a bag of meat
    14 | D        | Noticed a bag of meat
    15 | D        | Noticed a meat berserker
    15 | D        | Killed a meat berserker
    15 | D        | Reached ** piety under Makhleb
    15 | D        | Reached skill level 23 in Dodging
    15 | D        | Gained mutation: You have very sharp fingernails. [demonic ancestry]
    15 | D        | Reached XP level 15. HP: 114/127 MP: 15/15
    15 | D        | Reached skill level 15 in Fighting
    15 | D        | Reached skill level 5 in Axes
    15 | D        | Reached skill level 24 in Dodging
    15 | D        | Reached *** piety under Makhleb
    15 | D        | Reached skill level 15 in Throwing
    15 | D        | Reached skill level 25 in Dodging
    16 | D        | Noticed a meat berserker
    16 | D        | Killed a meat berserker
    16 | D        | Reached skill level 1 in Armour
    16 | D        | Reached skill level 26 in Dodging
    16 | D        | Gained mutation: You are mostly covered in sharp spines. [demonic ancestry]
    16 | D        | Reached XP level 16. HP: 57/141 MP: 16/16
    16 | D        | Killed a meat berserker
    16 | D        | Reached **** piety under Makhleb
    16 | D        | Reached skill level 27 in Dodging
    16 | D        | Reached skill level 27 in Unarmed Combat
    16 | D        | Gained mutation: You have claws for hands. [demonic ancestry]
    16 | D        | Reached XP level 17. HP: 59/155 MP: 17/17
    16 | D        | Reached skill level 5 in Armour
    17 | D        | Reached skill level 15 in Axes
    17 | D        | Reached ***** piety under Makhleb
    18 | D        | Noticed a meat berserker
    18 | D        | Gained mutation: You are completely covered in sharp spines. [demonic ancestry]
    18 | D        | Reached XP level 18. HP: 169/173 MP: 18/18
    19 | D        | Killed a meat berserker
    20 | D        | Reached skill level 27 in Fighting
    20 | D        | Reached skill level 10 in Armour
    20 | D        | Reached XP level 19. HP: 179/189 MP: 19/19
    21 | D        | Killed a meat berserker
    24 | D        | Reached skill level 27 in Throwing
    25 | D        | Noticed a large bag of meat
    27 | D        | Noticed a destroyer
    28 | D        | Noticed a meat berserker
    28 | D        | Reached ****** piety under Makhleb
    28 | D        | Reached skill level 27 in Axes
    28 | D        | Reached skill level 15 in Armour
    30 | D        | Noticed a large bag of meat
    30 | D        | Noticed a destroyer
    31 | D        | Killed a destroyer
    31 | D        | Gained mutation: You have a pair of large antennae on your head (SInv). [demonic ancestry]
    31 | D        | Reached XP level 20. HP: 197/197 MP: 20/20
    31 | D        | Reached skill level 27 in Armour
    33 | D        | Noticed a destroyer
    33 | D        | Reached skill level 10 in Invocations
    33 | D        | Reached skill level 10 in Spellcasting
    34 | D        | Noticed an eight-headed meat hydra
    34 | D        | Reached XP level 21. HP: 204/204 MP: 20/37
    36 | D        | Noticed a destroyer
    36 | D        | Noticed a destroyer
    36 | D        | Killed a destroyer
    37 | D        | Killed a destroyer
    37 | D        | Reached skill level 27 in Invocations
    37 | D        | Gained mutation: You may emit foul miasma when damaged in melee. [demonic ancestry]
    37 | D        | Reached XP level 22. HP: 173/212 MP: 20/49
    38 | D        | Noticed a destroyer
    39 | D        | Reached skill level 27 in Stealth
    39 | D        | Killed a destroyer
    39 | D        | Reached skill level 27 in Spellcasting
    39 | D        | Killed a destroyer
    39 | D        | Gained mutation: Your flesh is heat resistant. [demonic ancestry]
    39 | D        | Reached XP level 23. HP: 219/219 MP: 21/54
    40 | D        | Killed a destroyer
    42 | D        | Gained mutation: You are immune to clouds of flame. [demonic ancestry]
    42 | D        | Reached XP level 24. HP: 227/227 MP: 21/54
    46 | D        | Noticed a destroyer
    47 | D        | Noticed a destroyer
    47 | D        | Killed a destroyer
    49 | D        | Noticed a destroyer
    49 | D        | Killed a destroyer
    52 | D        | Killed a destroyer
    52 | D        | Reached XP level 25. HP: 108/234 MP: 24/54
    59 | D        | Noticed a tyrant
    59 | D        | Noticed a meat beast
    61 | D        | Noticed a destroyer
    61 | D        | Noticed a meat beast
    62 | D        | Noticed a destroyer
    62 | D        | Killed a meat beast
    62 | D        | Gained mutation: You can hurl blasts of hellfire. [demonic ancestry]
    62 | D        | Reached XP level 26. HP: 242/242 MP: 27/54
    63 | D        | Noticed a destroyer
    63 | D        | Killed a meat beast
    63 | D        | Gained mutation: You frequently emit foul miasma when damaged in melee. [demonic ancestry]
    63 | D        | Reached XP level 27. HP: 249/249 MP: 27/54
    65 | D        | Killed a destroyer
    67 | D        | Killed a tyrant
    68 | D        | Killed a destroyer
    70 | D        | Noticed an accursed
    70 | D        | Noticed a tyrant
    71 | D        | Noticed an accursed
    72 | D        | Killed a destroyer
    74 | D        | Noticed a meat beast
    77 | D        | Killed a meat beast
    79 | D        | Noticed a destroyer
    79 | D        | Noticed a meat beast
    80 | D        | Noticed a dread
    81 | D        | Killed a tyrant
    81 | D        | Killed a destroyer
    91 | D        | Noticed a tyrant
    92 | D        | Killed a meat beast
    92 | D        | Killed an accursed
    93 | D        | Killed a dread
    95 | D        | Killed an accursed
    96 | D        | Noticed a destroyer
    96 | D        | Killed a tyrant
    99 | D        | Noticed an accursed
    99 | D        | Noticed a meat beast
   100 | D        | Killed a destroyer
   105 | D        | Noticed a tyrant
   107 | D        | Noticed The Servant
   108 | D        | Noticed The Defiler
   109 | D        | Noticed a tyrant
   111 | D        | Noticed an accursed
   111 | D        | Noticed a meat beast
   112 | D        | Noticed a tyrant
   114 | D        | Noticed an accursed
   114 | D        | Noticed a destroyer
   115 | D        | Killed a tyrant
   115 | D        | Killed a destroyer
   116 | D        | Noticed a tyrant
   117 | D        | Noticed a dread
   117 | D        | Noticed a dread
   118 | D        | Killed a meat beast
   119 | D        | Noticed a fleshlord
   119 | D        | Killed The Defiler
   121 | D        | Noticed a tyrant
   122 | D        | Noticed a fleshlord
   122 | D        | Noticed a dread
   123 | D        | Killed a tyrant
   124 | D        | Noticed a tyrant
   124 | D        | HP: 4/249 [accursed/divine providence (9)]
   125 | D        | Killed a tyrant
   125 | D        | Killed from afar by a dread

Vault maps used:
D:        meatsprint

Action                   |  1- 3 |  4- 6 |  7- 9 | 10-12 | 13-15 | 16-18 | 19-21 | 22-24 | 25-27 || total
-------------------------+-------+-------+-------+-------+-------+-------+-------+-------+-------++-------
Melee: Executioner's axe |     1 |       |       |     1 |     3 |     4 |    10 |    12 |    60 ||    91
